 Dungeon Crawl Stone Soup version 0.22-a0-614-g34fbaa0 (webtiles) character file.

10390 pmoppi the Carver (level 11, -6/60 HPs)
             Began as a Vine Stalker Gladiator on July 20, 2018.
             Was a Believer of Ashenzari.
             Mangled by a 12-headed hydra (12 damage)
             ... on level 11 of the Dungeon.
             The game lasted 00:22:28 (10029 turns).

pmoppi the Carver (Vine Stalker Gladiator)         Turns: 10029, Time: 00:22:28

Health: -6/60      AC: 14    Str: 19    XL:     11   Next: 61%
Magic:  0/15       EV: 15    Int:  9    God:    Ashenzari [**....]
Gold:   634        SH:  0    Dex: 16    Spells: 10/10 levels left

rFire    . . .     SeeInvis .   a - +1 long sword (elec)
rCold    . . .     Gourm    .   (no shield)
rNeg     . . .     Faith    .   k - +2 ring mail {rPois} (curse)
rPois    +         Spirit   +   c - +0 helmet
rElec    .         Reflect  .   q - +0 cloak
rCorr    .         Harm     .   s - +1 pair of gloves (curse)
MR       +....                  b - +0 pair of boots
Stlth    +.........             (no amulet)
HPRegen  0.60/turn              (no ring)
MPRegen  0.14/turn              (no ring)

@: no status effects
A: fangs 3, regeneration 1, magic shield, antimagic bite, no potion heal 3, rot
immunity
a: Curse Item, Scrying, Renounce Religion


You were on level 11 of the Dungeon.
You worshipped Ashenzari.
Ashenzari was pleased with you.
You were not hungry.

You visited 2 branches of the dungeon, and saw 12 of its levels.

You collected 634 gold pieces.

Inventory:

Hand Weapons
 a - a +1 long sword of electrocution (weapon)
 C - a +0 great sword
 E - a cursed +4 long sword
Missiles
 d - 4 throwing nets (quivered)
Armour
 b - a +0 pair of boots (worn)
 c - a +0 helmet (worn)
 k - a cursed +2 ring mail of poison resistance (worn)
 q - a +0 cloak (worn)
 s - a cursed +1 pair of gloves (worn)
Jewellery
 B - an uncursed ring of stealth
 F - a +4 ring of dexterity
Wands
 o - a wand of flame (19)
 p - a wand of enslavement (18)
Scrolls
 e - 4 scrolls of identify
 g - 5 scrolls of teleportation
 j - a scroll of fear
 y - a scroll of amnesia
 z - a scroll of magic mapping
 A - 2 scrolls of fog
Potions
 h - a potion of experience
 i - 3 potions of curing
 l - 7 potions of heal wounds
 m - 2 potions of haste
 n - 3 potions of flight
 t - a potion of brilliance
 u - a potion of invisibility
 v - 2 potions of ambrosia
 w - a potion of resistance
 x - a potion of lignification
 G - a potion of cancellation {unknown}
Comestibles
 f - 31 rations
 D - 5 chunks of flesh


   Skills:
 + Level 8.7 Fighting
 + Level 9.6 Long Blades
 - Level 1.7 Throwing
 + Level 6.6 Armour
 + Level 6.6 Dodging
 + Level 4.3 Evocations


You had 10 spell levels left.
You didn't know any spells.
Your spell library contained the following spells:

 Spells                   Type           Power        Failure   Level  Hunger
 Magic Dart               Conj           #...         54%         1    ##.....
 Apportation              Tloc           #.....       54%         1    ##.....
 Conjure Flame            Conj/Fire      #.......     89%         3    ####...
 Slow                     Hex            #.......     69%         2    ###....
 Confuse                  Hex            #.......     89%         3    ####...
 Mephitic Cloud           Conj/Pois/Air  #.......     89%         3    ####...
 Summon Small Mammal      Summ           #...         54%         1    ##.....
 Blink                    Tloc           N/A          69%         2    ###....
 Animate Skeleton         Necr           N/A          54%         1    ##.....
 Call Imp                 Summ           #.......     69%         2    ###....
 Confusing Touch          Hex            #.....       54%         1    ##.....
 Metabolic Englaciation   Hex/Ice        #.........   100%        5    ######.
 Petrify                  Tmut/Erth      #.......     100%        4    #####..
 Gell's Gravitas          Tloc           #.........   89%         3    ####...
 Yara's Violent Unravell  Hex/Tmut       #.........   100%        5    ######.


Dungeon Overview and Level Annotations

Branches:
Dungeon (11/15)            Temple (1/1) D:6            Lair (0/6) D:10
    Orc (0/2) D:10

Altars:
Ashenzari
Cheibriados
Dithmenos
Elyvilon
Fedhas
Gozag
Hepliaklqana
Kikubaaqudgha
Makhleb
Nemelex Xobeh
Okawaru
Qazlal
Ru
Sif Muna
Trog
Uskayaw
Vehumet
Wu Jian
Xom
Yredelemnul
Zin
The Shining One

Shops:
D:8 *

Annotations:
D:8 3 runed doors, Gordines's ghost, novice DsBe
D:9 4 runed doors


Innate Abilities, Weirdness & Mutations

You have razor-sharp teeth.
Your natural rate of healing is unusually fast.
When hurt, damage is shared between your health and your magic reserves.
Your bite disrupts and absorbs the magic of your enemies.
Potions cannot restore your health.
You are immune to rotting.


Message History

The ten-headed hydra closely misses you.
The ten-headed hydra bites you. The ten-headed hydra bites you!
* * * LOW HITPOINT WARNING * * *
The ten-headed hydra bites you but does no damage.
The ten-headed hydra barely misses you.
The ten-headed hydra bites you but does no damage.
The ten-headed hydra completely misses you.
You hack one of the ten-headed hydra's heads off!
The nine-headed hydra grows two more!
You hit the 11-headed hydra.
The 11-headed hydra is heavily wounded.
You hack one of the 11-headed hydra's heads off!
The ten-headed hydra grows two more!
You slash the 12-headed hydra!
You bite the 12-headed hydra, but do no damage.
The 12-headed hydra is heavily wounded.
The 12-headed hydra bites you but does no damage. x3
The 12-headed hydra closely misses you. The 12-headed hydra bites you!
* * * LOW HITPOINT WARNING * * *
The 12-headed hydra bites you but does no damage. x2
The 12-headed hydra barely misses you. The 12-headed hydra bites you!
You die...

#.......###.#####W#
##................#
.....#...######[####
.###...### #.# ##..
##.# .... #..# #....
#W## #.... #D# #..
##@## #...# #...#
#...# ##.## #.# #.#
#.# ..#


You could see a 12-headed hydra and a hungry ghost.

Vanquished Creatures
  A hydra (D:10)
  2 two-headed ogres
  A wizard (D:11)
  A deep elf mage (D:8)
  Joseph (D:7)
  Prince Ribbit (D:7)
  3 trolls
  Grinder (D:3)
  A hornet (D:10)
  2 dream sheep (D:10)
  Sigmund (D:4)
  2 yaks (D:10)
  A wyvern (D:10)
  A hungry ghost (D:7)
  Duvessa (D:7)
  A water moccasin (D:11)
  3 sky beasts
  5 orc warriors
  An ogre (D:8)
  2 phantoms
  2 centaurs
  3 bullfrogs
  3 big kobolds (D:10)
  Dowan (D:7)
  A gnoll sergeant (D:6)
  2 scorpions
  8 wights (D:9)
  3 killer bees (D:10)
  4 howler monkeys (D:8)
  A crimson imp (D:6)
  A jelly (D:9)
  3 centaur zombies
  9 orc priests
  3 centaur skeletons
  12 orc wizards
  4 hounds
  An iron imp (D:9)
  2 bullfrog skeletons
  An iguana (D:6)
  8 worker ants
  A killer bee zombie (D:8)
  A hound zombie (D:8)
  Robin (D:4)
  12 gnolls
  2 howler monkey skeletons
  2 worker ant zombies (D:5)
  10 adders
  2 shadow imps
  2 adder zombies
  A worm (D:3)
  3 dart slugs
  5 leopard geckos
  61 orcs
  A ball python (D:1)
  9 bats
  9 giant cockroaches
  8 hobgoblins
  15 jackals
  2 quokkas
  5 frilled lizards
  19 goblins
  A jackal zombie (D:7)
  7 kobolds
  7 rats
290 creatures vanquished.

Notes
Turn   | Place    | Note
-------+----------+-------------------------------------------
     0 | D:1      | pmoppi the Vine Stalker Gladiator began the quest for the Orb.
     0 | D:1      | Reached XP level 1. HP: 11/11 MP: 2/2
   106 | D:1      | Reached skill level 3 in Long Blades
   106 | D:1      | Reached XP level 2. HP: 12/15 MP: 3/3
   739 | D:1      | Reached XP level 3. HP: 17/18 MP: 4/4
  1176 | D:2      | Found a shadowy altar of Dithmenos.
  1542 | D:2      | Found a sacrificial altar of Ru.
  1678 | D:2      | Found a bloodstained altar of Trog.
  1705 | D:2      | Gained mutation: Your natural rate of healing is unusually fast. [Vine Stalker growth]
  1705 | D:2      | Reached XP level 4. HP: 18/23 MP: 5/5
  1805 | D:3      | Reached skill level 4 in Long Blades
  1926 | D:3      | Reached XP level 5. HP: 28/28 MP: 6/6
  2088 | D:3      | Found a glowing silver altar of Zin.
  2088 | D:3      | Noticed an angel
  2255 | D:3      | Noticed Grinder
  2277 | D:3      | Paralysed by Grinder for 4 turns
  2329 | D:3      | Killed Grinder
  2329 | D:3      | Reached skill level 5 in Long Blades
  2329 | D:3      | Reached XP level 6. HP: 9/33 MP: 4/7
  2635 | D:4      | Noticed Sigmund
  2656 | D:4      | Killed Sigmund
  2656 | D:4      | Reached skill level 1 in Armour
  2656 | D:4      | Reached XP level 7. HP: 22/37 MP: 5/8
  2710 | D:4      | Noticed Robin
  2726 | D:4      | Killed Robin
  3582 | D:3      | Found a white marble altar of Elyvilon.
  3632 | D:5      | Entered Level 5 of the Dungeon
  3711 | D:5      | Reached skill level 6 in Long Blades
  3887 | D:5      | Gained mutation: You have razor-sharp teeth. [Vine Stalker growth]
  3887 | D:5      | Reached XP level 8. HP: 8/42 MP: 9/9
  4968 | D:6      | Found an ornate altar of the Wu Jian Council.
  5417 | D:6      | Found a staircase to the Ecumenical Temple.
  5427 | Temple   | Entered the Ecumenical Temple
  5534 | D:6      | Reached skill level 5 in Fighting
  5751 | D:6      | Found a stormy altar of Qazlal.
  5759 | D:6      | Found a shattered altar of Ashenzari.
  5762 | D:6      | Became a worshipper of Ashenzari the Shackled
  5936 | D:7      | Noticed Joseph
  5955 | D:7      | Killed Joseph
  5955 | D:7      | Reached skill level 7 in Long Blades
  5955 | D:7      | Reached XP level 9. HP: 28/48 MP: 7/10
  6119 | D:7      | Found a hide-covered altar of Uskayaw.
  6119 | D:7      | Noticed a hand axe
  6119 | D:7      | Noticed a dagger
  6187 | D:7      | Noticed Prince Ribbit
  6195 | D:7      | Killed Prince Ribbit
  6463 | D:7      | Reached skill level 5 in Dodging
  6515 | D:7      | Noticed Duvessa
  6515 | D:7      | Noticed Dowan
  6529 | D:7      | Killed Duvessa
  6532 | D:7      | Killed Dowan
  6697 | D:8      | HP: 2/49 [orc warrior/glaive (10)]
  6934 | D:8      | Found Kewuvi's General Store.
  6951 | D:8      | Reached * piety under Ashenzari
  7154 | D:8      | Found a runed gate.
  7154 | D:8      | Found a runed gate.
  7154 | D:8      | Found a runed gate.
  7154 | D:8      | Noticed Gordines's ghost (novice DsBe)
  7216 | D:8      | Reached skill level 8 in Long Blades
  7228 | D:8      | Reached skill level 5 in Armour
  7349 | D:8      | Found a glowing silver altar of Zin.
  7349 | D:8      | Noticed a deep elf mage
  7353 | D:8      | Noticed a demonic crawler
  7353 | D:8      | Killed a deep elf mage
  7353 | D:8      | Reached XP level 10. HP: 54/55 MP: 9/11
  7626 | D:8      | Noticed a two-headed ogre
  7631 | D:8      | Killed a two-headed ogre
  7631 | D:8      | Reached skill level 1 in Evocations
  8471 | D:9      | Found a snail-covered altar of Cheibriados.
  8557 | D:9      | Found a huge runed gate.
  8557 | D:9      | Found a huge runed gate.
  8557 | D:9      | Found a huge runed gate.
  8557 | D:9      | Found a huge runed gate.
  8560 | D:9      | Noticed a death yak
  8560 | D:9      | Noticed a manticore
  8777 | D:10     | Entered Level 10 of the Dungeon
  8780 | D:10     | Noticed a two-headed ogre
  8789 | D:10     | Killed a two-headed ogre
  8789 | D:10     | Reached skill level 9 in Long Blades
  8847 | D:10     | Reached XP level 11. HP: 51/60 MP: 12/14
  9204 | D:10     | Found a staircase to the Orcish Mines.
  9430 | D:10     | Noticed a two-headed hydra
  9441 | D:10     | Killed an eight-headed hydra
  9634 | D:10     | Found a staircase to the Lair.
  9823 | D:11     | Reached ** piety under Ashenzari
  9930 | D:11     | Noticed a wizard
  9939 | D:11     | Killed a wizard
  9978 | D:11     | Noticed an eight-headed hydra
 10029 | D:11     | Mangled by a 12-headed hydra

Vault maps used:
D:1:      dpeg_arrival_boxes_within_box, st_stairs_12
D:2:      nicolae_overflow_crystal_walls, marbit_many_paths, first_ration,
          trog_hazing_becter
D:3:      zin_angel, nicolae_overflow_hidden_temple, uniq_grinder
D:4:      uniq_robin, uniq_sigmund
D:6:      overflow_temple_1_default, kennysheep_mini, minmay_temple_entry_hall,
          basic_altar
D:7:      dancing_weapons_uskayaw, uniq_prince_ribbit1, uniq_joseph,
          uniq_duvessa
D:8:      gammafunk_ghost_necromancy, serial_shops, nicolae_shop_crystal,
          david_defended_altar_elf
D:9:      lemuel_bear_cage, slow_altar_1
D:10:     lair_entry_dummy, orc_0_dummy, hangedman_ranch,
          nicolae_zen_rock_garden, hangedman_decor_clover_reticule
D:11:     minmay_misc_feat_chi
Temple:   nicolae_temple_great_sept

Skill      XL: |  1  2  3  4  5  6  7  8  9 10 11 |
---------------+----------------------------------+-----
Fighting       | 2 3 4 5 7 8 |  8.7
Long Blades    | 3 4 5 6 7 8 9 |  9.6
Armour         | 1 2 3 5 6 |  6.6
Dodging        | 3 4 5 6 |  6.6
Evocations     | 3 4 |  4.3
Throwing       | |  1.7

Action                   |  1- 3 |  4- 6 |  7- 9 | 10-12 || total
-------------------------+-------+-------+-------+-------++-------
Melee: Long sword        |   112 |   125 |   349 |   296 ||   882
       Bite              |    25 |    47 |   146 |   131 ||   349
Invok: Curse Item        |       |       |     2 |       ||     2
Evoke: Wand              |       |       |       |     4 ||     4
  Use: Scroll            |       |       |    16 |     8 ||    24
 Stab: Sleeping          |     3 |       |       |       ||     3
  Eat: Chunk             |     3 |     3 |    18 |     9 ||    33
Armor: Leather armour    |    34 |       |       |       ||    34
       Ring mail         |    12 |    35 |   112 |   123 ||   282
Dodge: Dodged            |    98 |    74 |   233 |   232 ||   637
       Rpst.: Long sword |    32 |    27 |    73 |    55 ||   187

Table legend:
 A = Spawn XP
 B = Non-spawn XP
 C = Spawn XP percentage of total XP
 D = Spawn monster count
 E = Non-spawn monster count
 F = Spawn count percentage of total count
 G = Total turns spent on level
                    A         B        C        D         E        F      G
               +---------+---------+-------+---------+---------+-------+---------
         Total |       0 |   14844 |   0.0 |       0 |     290 |   0.0 | 10029
               +---------+---------+-------+---------+---------+-------+---------
           D:1 |       0 |      37 |   0.0 |       0 |      23 |   0.0 |   962
           D:2 |       0 |      50 |   0.0 |       0 |      22 |   0.0 |   828
           D:3 |       0 |     400 |   0.0 |       0 |      32 |   0.0 |   996
           D:4 |       0 |     464 |   0.0 |       0 |      27 |   0.0 |   988
           D:5 |       0 |     383 |   0.0 |       0 |      27 |   0.0 |  1247
           D:6 |       0 |     758 |   0.0 |       0 |      24 |   0.0 |   710
           D:7 |       0 |    1566 |   0.0 |       0 |      15 |   0.0 |   959
           D:8 |       0 |    2386 |   0.0 |       0 |      25 |   0.0 |  1025
           D:9 |       0 |    1852 |   0.0 |       0 |      48 |   0.0 |  1048
          D:10 |       0 |    4841 |   0.0 |       0 |      34 |   0.0 |   922
          D:11 |       0 |    2107 |   0.0 |       0 |      13 |   0.0 |   260
               +---------+---------+-------+---------+---------+-------+---------
